 Dungeon Crawl Stone Soup version 0.28.0-62-gf88900778d (webtiles) character file.

Game seed: 17696366332547708621

22763 cbfl8 the Cleaver (level 12, -4/162 HPs)
             Began as a Minotaur Berserker on June 26, 2023.
             Was a High Priest of Trog.
             Slain by Rupert
             ... wielding a +2 triple sword of protection
              (41 damage)
             ... on level 13 of the Dungeon.
             The game lasted 00:18:48 (18879 turns).

cbfl8 the Cleaver (Minotaur Berserker)             Turns: 18879, Time: 00:18:48

Health: -4/162     AC: 29    Str: 27    XL:     12   Next: 65%
Magic:  11/11      EV:  9    Int:  4    God:    Trog [*****.]
Gold:   1686       SH:  5    Dex: 16    Spells: 11/11 levels left

rFire   . . .      SeeInvis .   H - +3 broad axe (elec)
rCold   . . .      Faith    .   q - +0 buckler {reflect}
rNeg    + . .      Spirit   .   x - +0 plate armour
rPois   .          Reflect  +   l - +1 hat
rElec   .          Harm     .   y - +2 cloak {Stlth+}
rCorr   .          Rampage  .   u - +2 pair of gloves
Will    .....                   o - +0 pair of boots
Stlth   ..........              J - amulet of Oletwom {RegenMP rN+ Regen+}
HPRegen 1.17/turn               d - +6 ring of strength
MPRegen 0.52/turn               N - +4 ring of protection

@: berserking, very quick
A: horns 2, retaliatory headbutt
a: Renounce Religion, Berserk, Trog's Hand, Brothers in Arms


You were on level 13 of the Dungeon.
You worshipped Trog.
Trog was extremely pleased with you.
You visited 1 branch of the dungeon, and saw 13 of its levels.
You also visited: Gauntlet.

You collected 1847 gold pieces.
You spent 161 gold pieces at shops.

Inventory:

Hand Weapons
 H - a +3 broad axe of electrocution (weapon)
Missiles
 I - 3 throwing nets
Armour
 l - a +1 hat (worn)
 o - a +0 pair of boots (worn)
 q - a +0 buckler of reflection (worn)
 u - a +2 pair of gloves (worn)
 x - a +0 plate armour (worn)
 y - a +2 cloak of stealth (worn)
Jewellery
 d - a +6 ring of strength (left hand)
 J - the amulet of Oletwom (around neck) {RegenMP rN+ Regen+}
   (You found it in a Gauntlet)

   [amulet of magic regeneration]

   It increases your rate of magic regeneration.
   rN:        It protects you from negative energy.
   Regen:     It increases your rate of health regeneration.
 N - a +4 ring of protection (right hand)
Wands
 k - a wand of paralysis (2) (quivered)
 n - a wand of digging (9)
 t - a wand of flame (20)
 F - a wand of polymorph (4)
 K - a wand of acid (5)
Scrolls
 b - a scroll of noise
 c - a scroll of summoning
 e - 6 scrolls of teleportation
 f - 2 scrolls of immolation
 r - 3 scrolls of enchant armour
 s - 2 scrolls of blinking
 z - a scroll of fog
Potions
 a - 2 potions of invisibility {unknown}
 g - 3 potions of attraction
 h - 3 potions of mutation
 i - 3 potions of lignification {unknown}
 j - 6 potions of heal wounds
 m - 2 potions of brilliance {unknown}
 p - a potion of flight
 v - 3 potions of berserk rage
 w - 3 potions of cancellation {unknown}
 C - 2 potions of curing
 D - a potion of might
 G - a potion of haste
Miscellaneous
 A - a phial of floods
 L - a condenser vane
 M - a lightning rod (4/4)


   Skills:
 + Level 10.7 Fighting
 + Level 14.7 Axes
 + Level 13.0 Armour
 + Level 3.9 Dodging
 + Level 2.9 Stealth
 + Level 4.3 Shields
 * Level 9.0 Evocations


You had 11 spell levels left.
You didn't know any spells.
Your spell library was empty.

Dungeon Overview and Level Annotations

Branches:
Dungeon (13/15)            Temple (0/1) D:5            Lair (0/6) D:10
    Orc (0/2) D:11        Gauntlet (visited)
 Vaults: D:13-14

Altars:
Ashenzari
Gozag
Wu Jian
The Shining One

Shops:
D:7 ?

Annotations:
D:7 2 transporters, bronco's ghost, novice OpCj
D:10 2 transporters, jjjjhere's ghost, novice GnWn
D:13 Rupert


Innate Abilities, Weirdness & Mutations

You have a pair of horns on your head.
You reflexively headbutt those who attack you in melee.


Message History

Your Armour skill increases to level 13!
You are too injured to fight recklessly!
Unknown command.
You are too injured to fight recklessly!
Unknown command.
You are too injured to fight recklessly!
You barely miss Rupert.
Rupert is lightly wounded.
Rupert completely misses you. You furiously retaliate!
You headbutt Rupert! You closely miss Rupert. You headbutt Rupert.
Rupert is moderately wounded.
You slash Rupert!
Rupert is moderately wounded.
Rupert hits you but does no damage.
You barely miss Rupert. You headbutt Rupert!!
Rupert is moderately wounded.
Rupert closely misses you.
You slash Rupert!
Rupert is moderately wounded.
Rupert hits you with a +2 triple sword of protection!
You slash Rupert! You headbutt Rupert!
Rupert is heavily wounded.
Rupert hits you with a +2 triple sword of protection.
You slice Rupert!! You headbutt Rupert, but do no damage.
Rupert is severely wounded.
Rupert hits you with a +2 triple sword of protection!
You slash Rupert! You headbutt Rupert.
Rupert is severely wounded.
You block Rupert's attack.
You barely miss Rupert. Your headbutt misses Rupert.
Rupert is severely wounded.
Rupert closely misses you.
You hit Rupert but do no damage.
Rupert is severely wounded.
Rupert hits you with a +2 triple sword of protection!!
* * * LOW HITPOINT WARNING * * *
You barely miss Rupert.
Rupert is severely wounded.
Rupert hits you with a +2 triple sword of protection!!!
You die...

#########
#.......#####.
+....†........
#.####@@......
#........###..
#.............
#....)<......#
+............#
#.####.......#
#. #.......+ #
#.......#
........#


You could see Rupert (berserk).

Vanquished Creatures
  Gastronok (D:8)
  A minotaur (Gauntlet)
  Josephine (D:10)
  Harold (D:11)
  Erica (D:10)
  A death knight (D:11)
  4 two-headed ogres
  Pikel (D:8)
  An oklob plant (Gauntlet)
  An ugly thing (D:12)
  3 manticores
  2 cyclopes
  2 unseen horrors
  6 gargoyles
  A komodo dragon (D:11)
  An efreet (Gauntlet)
  3 trolls (D:12)
  A queen bee (Gauntlet)
  2 hornets
  A meliai zombie (D:11)
  6 slime creatures
  A water elemental (D:11)
  4 yaks (D:11)
  5 wraiths (D:10)
  A fire elemental (Gauntlet)
  2 steam dragons (D:9)
  An acid dragon (Gauntlet)
  2 hell hounds (Gauntlet)
  2 water moccasins
  A floating eye (shapeshifter) (D:11)
  8 orc warriors
  2 ice beasts
  A black bear (D:5)
  A hornet zombie (D:9)
  A sky beast (D:6)
  3 necrophages
  2 centaurs (D:9)
  3 ogres
  A lemure (D:8)
  2 phantoms (D:5)
  3 kobold brigands
  A bullfrog (D:8)
  A scorpion (D:5)
  A gnoll sergeant (D:7)
  2 water moccasin zombies (D:5)
  A water moccasin skeleton (D:6)
  9 killer bees
  3 howler monkeys
  4 electric eels (D:11)
  A bullfrog zombie (D:7)
  3 centaur zombies
  8 orc priests
  3 hounds
  7 jellies
  2 centaur skeletons
  Jessica (D:3)
  7 orc wizards
  Crazy Yiuf (D:3)
  Ijyb (D:3)
  2 iguanas
  A killer bee zombie (D:6)
  A hound zombie (D:5)
  A howler monkey zombie (D:6)
  6 gnolls (D:7)
  A howler monkey skeleton (D:5)
  11 adders
  4 shadow imps
  2 white imps
  An adder skeleton (D:4)
  A worm (D:4)
  The ghost of Coron the Sneak, a weakling DDDe (D:5)
  A dart slug (D:1)
  37 orcs
  8 bats
  16 endoplasms
  4 giant cockroaches
  13 goblins
  7 hobgoblins
  6 jackals
  6 quokkas
  3 ball pythons
  6 frilled lizards
  21 kobolds
  6 rats
309 creatures vanquished.

Vanquished Creatures (collateral kills)
  A vampire (D:9)
1 creature vanquished.

Vanquished Creatures (others)
  11 fungi
  4 plants (D:5)
15 creatures vanquished.

Grand Total: 325 creatures vanquished

Notes
Turn   | Place    | Note
-------+----------+-------------------------------------------
     0 | D:1      | cbfl8 the Minotaur Berserker began the quest for the Orb.
     0 | D:1      | Reached XP level 1. HP: 19/19 MP: 0/0
   170 | D:1      | Reached XP level 2. HP: 24/27 MP: 1/1
   514 | D:1      | Reached ** piety under Trog
   874 | D:2      | Reached skill level 4 in Axes
   874 | D:2      | Reached XP level 3. HP: 28/34 MP: 2/2
  1674 | D:2      | Found a faded altar of an unknown god.
  1725 | D:2      | Reached skill level 1 in Evocations
  1748 | D:2      | Reached XP level 4. HP: 41/41 MP: 3/3
  1838 | D:3      | Noticed Jessica
  1845 | D:3      | Killed Jessica
  1965 | D:3      | Noticed an ice beast
  2246 | D:3      | Noticed Ijyb
  2272 | D:3      | Killed Ijyb
  2272 | D:3      | Reached *** piety under Trog
  2273 | D:3      | Reached skill level 5 in Fighting
  2273 | D:3      | Reached XP level 5. HP: 29/48 MP: 4/4
  2397 | D:3      | Found a broken altar of Ashenzari.
  2397 | D:3      | Found an ornate altar of the Wu Jian Council.
  2983 | D:3      | Found an opulent altar of Gozag.
  3013 | D:3      | Reached skill level 5 in Axes
  3291 | D:3      | Found a runed translucent door.
  3292 | D:3      | Noticed Crazy Yiuf
  3299 | D:3      | Killed Crazy Yiuf
  3300 | D:3      | Reached XP level 6. HP: 56/56 MP: 5/5
  4555 | D:4      | Reached skill level 6 in Axes
  4555 | D:4      | Reached XP level 7. HP: 17/61 MP: 6/6
  5145 | D:5      | Entered Level 5 of the Dungeon
  5145 | D:5      | Found a staircase to the Ecumenical Temple.
  5193 | D:5      | Reached skill level 5 in Armour
  5436 | D:5      | Found a transporter.
  5436 | D:5      | Noticed Coron's ghost (weakling DDDe)
  5440 | D:5      | Reached skill level 7 in Axes
  5495 | D:5      | Found a transporter.
  5588 | D:5      | Reached XP level 8. HP: 36/70 MP: 7/7
  6072 | D:5      | Killed Coron's ghost
  6230 | D:6      | Reached **** piety under Trog
  6231 | D:6      | Reached skill level 8 in Axes
  6426 | D:6      | Noticed a slime creature
  6697 | D:6      | Reached XP level 9. HP: 22/78 MP: 8/8
  7328 | D:6      | Reached skill level 9 in Axes
  7340 | D:6      | Reached skill level 5 in Evocations
  8072 | D:7      | Noticed bronco's ghost (novice OpCj)
  8082 | D:7      | Found a transporter.
  8213 | D:7      | Found Kaqafe's Magic Scroll Boutique.
  8225 | D:7      | Bought 2 scrolls of identify for 56 gold pieces
  8225 | D:7      | Bought a scroll of blinking for 105 gold pieces
  8328 | D:7      | Reached skill level 10 in Axes
  9003 | D:7      | Found a transporter.
  9299 | D:7      | Noticed a gargoyle
  9311 | D:7      | Killed a gargoyle
  9517 | D:7      | Noticed a gargoyle
  9530 | D:7      | Killed a gargoyle
  9531 | D:7      | Reached skill level 1 in Stealth
  9531 | D:7      | Reached XP level 10. HP: 59/88 MP: 9/9
  9855 | D:7      | Noticed a gargoyle
  9872 | D:7      | Killed a gargoyle
 10351 | D:7      | Noticed a gargoyle
 10361 | D:7      | Killed a gargoyle
 10362 | D:7      | Reached skill level 11 in Axes
 10520 | D:8      | Identified the +1 robe of the Onion {-Tele rC+ Will+ Int+2}
 10839 | D:8      | Paralysed by a hornet for 3 turns
 11128 | D:8      | Noticed Pikel
 11190 | D:8      | Killed Pikel
 11191 | D:8      | Reached skill level 1 in Shields
 11281 | D:8      | Noticed Gastronok
 11298 | D:8      | Killed Gastronok
 11299 | D:8      | Reached skill level 10 in Armour
 12282 | D:9      | Noticed a manticore
 12294 | D:9      | Killed a manticore
 13092 | D:9      | HP: 4/90 [vampire (10)]
 13099 | D:9      | Reached skill level 12 in Axes
 13228 | D:9      | Noticed a cyclops
 13239 | D:9      | Killed a cyclops
 13240 | D:9      | Reached XP level 11. HP: 78/95 MP: 10/10
 13912 | D:10     | Entered Level 10 of the Dungeon
 14033 | D:10     | Noticed Erica
 14048 | D:10     | Killed Erica
 14649 | D:10     | Noticed jjjjhere's ghost (novice GnWn)
 14823 | D:10     | Found a staircase to the Lair.
 14958 | D:10     | Noticed Josephine
 14982 | D:10     | Killed Josephine
 15353 | D:10     | Found a transporter.
 15356 | D:10     | Found a transporter.
 15551 | D:11     | Found a glowing golden altar of the Shining One.
 15801 | D:11     | Found a staircase to the Orcish Mines.
 15930 | D:11     | Noticed Harold
 16127 | D:11     | Killed Harold
 16250 | D:11     | Noticed a two-headed ogre
 16262 | D:11     | Reached skill level 13 in Axes
 16268 | D:11     | Killed a two-headed ogre
 16349 | D:11     | Noticed an orb spider
 16429 | D:11     | Noticed a death knight
 16460 | D:11     | Killed a death knight
 17581 | D:12     | Reached XP level 12. HP: 48/106 MP: 11/11
 17595 | D:12     | Found a gate leading to a gauntlet.
 17614 | Gauntlet | Entered a Gauntlet
 17614 | Gauntlet | Found a runed translucent gate.
 17614 | Gauntlet | Found a transporter.
 17614 | Gauntlet | Found a runed translucent gate.
 17614 | Gauntlet | Found a runed translucent gate.
 17674 | Gauntlet | Found a transporter.
 17676 | Gauntlet | Found a transporter.
 17681 | Gauntlet | Found a runed translucent door.
 17683 | Gauntlet | Found a runed translucent door.
 17686 | Gauntlet | Found a transporter.
 17689 | Gauntlet | Found a transporter.
 17701 | Gauntlet | Found a transporter.
 17716 | Gauntlet | Found a transporter.
 17718 | Gauntlet | Noticed a catoblepas
 17724 | Gauntlet | Noticed a minotaur
 17727 | Gauntlet | Found a transporter.
 17739 | Gauntlet | Found a transporter.
 17757 | Gauntlet | Found a transporter.
 17768 | Gauntlet | Found a transporter.
 17768 | Gauntlet | Found a transporter.
 17801 | Gauntlet | Noticed a death yak
 17801 | Gauntlet | Noticed a death yak
 17802 | Gauntlet | Noticed a death yak
 17820 | Gauntlet | Found a transporter.
 17820 | Gauntlet | Found a transporter.
 18109 | Gauntlet | Reached skill level 10 in Fighting
 18133 | Gauntlet | Identified the +1 dire flail of Distant Worlds {vamp,
                  | *Corrode Dex+6}
 18251 | Gauntlet | Identified the amulet of Oletwom {RegenMP rN+ Regen+}
 18279 | Gauntlet | Killed a minotaur
 18338 | Gauntlet | Identified the +7 mace of Ileshoc {vorpal, rN+}
 18373 | D:12     | Reached skill level 14 in Axes
 18423 | D:12     | Found an ornate altar of the Wu Jian Council.
 18496 | D:12     | Noticed a two-headed ogre
 18502 | D:12     | Killed a two-headed ogre
 18548 | D:12     | Identified the +6 spear "Bugerol" {freeze, rN+}
 18588 | D:12     | Noticed a two-headed ogre
 18590 | D:12     | Noticed a two-headed ogre
 18593 | D:12     | Killed a two-headed ogre
 18601 | D:12     | Reached ***** piety under Trog
 18603 | D:12     | Killed a two-headed ogre
 18861 | D:13     | Noticed Rupert
 18879 | D:13     | Slain by Rupert

Illustrated notes

Levels and vault maps discovered:
D:1:      heliophobic_arrival_battle_scene, layout_basic
D:2:      layout_basic, hellmonk_ecumenical_altar_lost_god,
          kennysheep_generic_room_6
D:3:      layout_basic, jmf_multi_god_temple,
          mainiacjoe_overflow_surrounded_room, lightli_corner_chamber,
          uniq_jessica, uniq_ijyb, uniq_crazy_yiuf_cottage
D:4:      minmay_angry_zag, layout_cave_pods, minmay_unequal
D:5:      layout_cave_pools, minmay_temple_entry_trees,
          gammafunk_ghost_mausoleum, guppyfry_early_lair_pool
D:6:      lemuel_slime, layout_gridville
D:7:      cheibrodos_statue_roulette, layout_loops_ring, serial_shops,
          shop_coins, gammafunk_ghost_stat_death, kennysheep_generic_room_5
D:8:      layout_loops_corners, dk_noncrumbling_4, nicolae_water_bricks,
          nicolae_straight_to_the_point, uniq_gastronok, uniq_pikel
D:9:      layout_grid_maze
D:10:     layout_basic, lair_entry_dummy, gammafunk_ghost_hive,
          grunt_decor_clamped, uniq_erica, uniq_josephine
D:11:     kennysheep_big_flooded_room, layout_loops_ring, david_orc_2,
          tso_metal_star, uniq_harold
D:12:     layout_rooms, gauntlet_entry_generic, nicolae_wu_jian_wuxing_cycle
D:13:     layout_stronghold, serial_shops, nicolae_inconvenience_store,
          minivault_8, uniq_rupert

Skill      XL: |  1  2  3  4  5  6  7  8  9 10 11 12 |
---------------+-------------------------------------+-----
Fighting       | 4 5 6 7 8 9 10 | 10.7
Axes           | 4 5 6 7 8 10 12 13 14 | 14.7
Evocations     | 1 2 3 4 5 7 8 9 |  9.0
Armour         | 3 4 5 7 8 10 12 13 | 13.0
Dodging        | 3 |  3.9
Stealth        | 1 2 |  2.9
Shields        | 2 3 4 |  4.3

Action                   |  1- 3 |  4- 6 |  7- 9 | 10-12 || total
-------------------------+-------+-------+-------+-------++-------
Melee: Hand axe          |    93 |   190 |   361 |   403 ||  1047
       Headbutt          |    18 |    22 |    83 |   151 ||   274
       Punch             |       |     1 |     3 |       ||     4
       War axe           |       |       |       |    84 ||    84
       Broad axe         |       |       |       |    77 ||    77
Invok: Berserk           |       |     2 |     7 |    12 ||    21
       Trog's Hand       |       |       |       |     3 ||     3
Evoke: Wand              |       |       |     2 |    21 ||    23
  Use: Scroll            |       |     3 |     5 |    10 ||    18
       Potion            |       |       |       |     3 ||     3
 Stab: Paralysed         |       |       |     2 |     3 ||     5
Armor: Scale mail        |    45 |    31 |       |       ||    76
       Chain mail        |       |    50 |   132 |       ||   182
       Plate armour      |       |       |    59 |   347 ||   406
Dodge: Dodged            |    59 |    62 |   151 |   175 ||   447
Block: Buckler           |       |       |       |    92 ||    92
       Reflection        |       |       |       |     1 ||     1
